Blues vs Canucks (R2)

Created - 9 mai 2016 at 19:00

Goals
1 2 3 T
Blues 1 1 2 4
Canucks 1 1 1 3
Shots
1 2 3 T
Blues 7 11 13 31
Canucks 4 10 13 27

1st period

1. Blues , Travis Zajac 1 (David Perron, Nicklas Backstrom) at 3:01 (PP)
2. Canucks , Alex Tanguay 1 (Ben Lovejoy) at 7:30 (PP)

Penalties :
Ryane Clowe (Van) for Hooking (Minor) at 2:19, Vince Rocco (Van) for Holding (Minor) at 3:39, Nik Antropov (STL) for Holding (Minor) at 6:47, Vince Rocco (Van) for Interference (Minor) at 17:04

2nd period

3. Canucks , Maxim Afinogenov 1 (Alex Goligoski) at 7:52
4. Blues , David Perron 2 (Alex Pietrangelo, Travis Zajac) at 15:48 (PP)

Penalties :
David Perron (STL) for Holding (Minor) at 2:28, Vince Rocco (Van) for Tripping (Minor) at 5:42, Vince Rocco (Van) for Holding (Minor) at 8:04, Darren Reid (STL) for Interference (Minor) at 8:47, Maxim Afinogenov (Van) for Hooking (Minor) at 15:39, Ryane Clowe (Van) for Roughing (Minor) at 16:53

3rd period

5. Canucks , Maxim Lapierre 2 (Doug Janik, Ryan Parent) at 8:31
6. Blues , David Perron 3 (Joe Pavelski, Ryan Whitney) at 9:02 (PP)
7. Blues , Travis Zajac 2 (Lasse Kukkonen) at 17:27 (PP)

Penalties :
Matt Stajan (Van) for Tripping (Minor) at 2:43, Guillaume Latendresse (STL) for Hooking (Minor) at 6:13, Vince Rocco (Van) for Tripping (Minor) at 8:53, Travis Zajac (STL) for Tripping (Minor) at 15:10, Nikolai Zherdev (Van) for Boarding (Minor) at 16:27, Alex Tanguay (Van) for Roughing (Double Minor) at 17:49

Goalie Stats

Tuukka Rask (STL), 24 saves from 27 shots - (0,889), W, 2-2-0, 60:00 minutes
Jussi Rynnas (Van), 27 saves from 31 shots - (0,871), L, 0-1-0, 60:00 minutes

Players Stats for Blues

Player Name              G  A  P  +/- PIM S  H  SB GA TA FO     MP     PP MP  PK MP  
------------------------------------------------------------------------------------
Alex Pietrangelo         0  1  1  -1  0   5  3  2  2  2  0/0    29:26   8:13   3:51 
Bryce Lampman            0  0  0   0  0   1  1  0  1  2  0/0    21:40   0:19   3:51 
Darren Reid              0  0  0  -1  2   1  3  0  0  0  0/1    16:15   6:17   0:00 
David Perron             2  1  3   0  2   4  4  1  1  1  1/2    22:27   7:21   0:29 
Drew Fata                0  0  0  -1  0   0  1  0  0  0  0/0    15:14   0:18   2:50 
Guillaume Latendresse    0  0  0  -1  2   2  1  0  0  0  0/0    12:12   0:27   0:59 
Jake Gardiner            0  0  0   0  0   3  0  0  0  2  0/0    15:20   5:35   0:00 
Joe Pavelski             0  1  1   0  0   2  1  0  2  0  0/1    20:43   7:05   0:00 
Lasse Kukkonen           0  1  1   0  0   0  2  0  1  0  0/0    19:49   5:53   2:50 
Lee Stempniak            0  0  0  -1  0   2  2  0  0  0  0/0     7:38   0:25   0:00 
Nicklas Backstrom        0  1  1  -1  0   4  2  0  2  0  4/9    18:11   6:18   1:02 
Nik Antropov             0  0  0   0  2   0  1  0  0  0  4/9    10:36   0:22   3:17 
Paul Kariya              0  0  0   0  0   0  1  0  0  0  0/0    12:42   6:18   0:00 
Ryan Whitney             0  1  1  -2  0   2  1  1  0  1  0/0    18:31   7:54   0:00 
Sergei Shirokov          0  0  0   0  0   1  0  1  0  0  1/1     9:46   0:18   2:22 
Taylor Pyatt             0  0  0  -1  0   0  2  0  1  0  0/0    11:01   0:00   4:00 
Travis Zajac             2  1  3   0  2   4  3  0  0  0  13/31  21:28   7:26   0:00 
Tyler Arnason            0  0  0  -1  0   0  2  0  0  0  2/4     8:17   0:00   1:13 

Players Stats for Canucks

Player Name              G  A  P  +/- PIM S  H  SB GA TA FO     MP     PP MP  PK MP  
------------------------------------------------------------------------------------
Alex Goligoski           0  1  1   1  0   3  1  2  0  2  0/0    29:36   3:46   8:12 
Alex Tanguay             1  0  1   0  4   3  1  0  0  0  2/2    11:54   3:04   2:20 
Ben Lovejoy              0  1  1   0  0   1  2  1  2  1  0/0    21:54   2:55   5:54 
Brendon Nash             0  0  0   0  0   0  2  0  2  0  0/0    11:45   3:46   0:17 
Clarke MacArthur         0  0  0   0  0   1  1  0  0  1  2/2    20:44   3:37   4:13 
Doug Janik               0  1  1   2  0   1  0  8  0  2  0/0    25:44   0:00   7:55 
Martin St. Louis         0  0  0   0  0   3  0  0  1  1  9/16   21:30   0:00   7:10 
Matt Stajan              0  0  0   1  2   1  1  0  1  0  2/3    18:05   0:00   6:18 
Maxim Afinogenov         1  0  1   1  2   4  3  1  0  0  0/0    16:50   2:39   3:54 
Maxim Lapierre           1  0  1   1  0   3  1  1  1  0  2/4     9:58   0:00   3:48 
Milan Michalek           0  0  0   1  0   2  1  0  0  1  0/0     9:24   0:00   0:08 
Nikolai Zherdev          0  0  0   1  2   3  2  0  0  1  6/13   16:28   3:36   0:00 
Patrick Eaves            0  0  0   0  0   2  0  0  0  0  0/1    12:17   2:39   0:15 
Ryan Craig               0  0  0   0  0   0  0  0  0  0  0/0     0:47   0:00   0:06 
Ryan Parent              0  1  1   1  0   0  0  0  0  0  0/0     7:53   0:00   0:00 
Ryane Clowe              0  0  0   1  4   0  0  0  0  0  0/0    10:29   0:37   0:00 
Sami Lepisto             0  0  0   0  0   0  0  2  1  0  0/0    21:54   2:55   5:54 
Vince Rocco              0  0  0   0  10  0  2  0  0  1  10/17  16:33   3:50   0:00 

3 Stars

1 - David Perron (STL)
2 - Travis Zajac (STL)
3 - Maxim Lapierre (Van)

Power Play

Blues - 4 on 12 Attempt(s) - 33,33%
Canucks - 1 on 5 Attempt(s) - 20,00%

Penalty Kill

Blues - 4 on 5 Attempt(s) - 80,00% - Score 0 goal in Penalty Kill
Canucks - 8 on 12 Attempt(s) - 66,67% - Score 0 goal in Penalty Kill

Team Stat

Blues - Hits : 30 - Faceoff Wins : 25 - Blocked Shots : 5 - Penalty Minutes : 10
Canucks - Hits : 17 - Faceoff Wins : 33 - Blocked Shots : 15 - Penalty Minutes : 24

Official

Referees : L'Ecuyer Frederick and Jackson Dave
Linesman : Greg Devorski and Brian Mach

Game Notes

No Game Note

Finance

Level 1 -- Attendance: 6000 (100,00%) -- Ticket Income 516 000 $
Level 2 -- Attendance: 5000 (100,00%) -- Ticket Income 245 000 $
Level 3 -- Attendance: 2000 (100,00%) -- Ticket Income 60 000 $
Level 4 -- Attendance: 4000 (100,00%) -- Ticket Income 68 000 $
Luxury Box -- Attendance: 1000 (100,00%) -- Ticket Income 100 000 $
Game was played at the Budweiser Coliseum.
Total Attendance: 18000 (100,00%)
Total Ticket Income: 989 000 $
Other Income: 148 350 $
Total Income: 1 137 350 $

Blues

5 vs 5 Forward 
   Center                   Left Wing                Right Wing               Time % Phy DF OF 
 1 Travis Zajac             David Perron             Joe Pavelski             40     1   2  2  
 2 Nicklas Backstrom        Guillaume Latendresse    Darren Reid              30     1   2  2  
 3 Nik Antropov             Paul Kariya              Sergei Shirokov          20     1   2  2  
 4 Tyler Arnason            Taylor Pyatt             Lee Stempniak            10     1   2  2  

5 vs 5 Defense 
   Defense                  Defense                                           Time % Phy DF OF 
 1 Bryce Lampman            Alex Pietrangelo                                  40     1   2  2  
 2 Drew Fata                Ryan Whitney                                      30     1   2  2  
 3 Lasse Kukkonen           Jake Gardiner                                     20     1   2  2  
 4 Alex Pietrangelo         Lasse Kukkonen                                    10     1   2  2  

PowerPlay Forward 
   Center                   Left Wing                Right Wing               Time % Phy DF OF 
 1 Travis Zajac             David Perron             Joe Pavelski             60     1   2  2  
 2 Nicklas Backstrom        Paul Kariya              Darren Reid              40     1   2  2  

PowerPlay Defense
   Defense                  Defense                                           Time % Phy DF OF 
 1 Ryan Whitney             Alex Pietrangelo                                  60     1   2  2  
 2 Lasse Kukkonen           Jake Gardiner                                     40     1   2  2  

Penalty Kill 4 Players Forward 
   Center                   Wing                     Time % Phy DF OF 
 1 Nik Antropov             Taylor Pyatt             60     1   2  2  
 2 Tyler Arnason            Sergei Shirokov          40     1   2  2  

Penalty Kill 4 Players Defense
   Defense                  Defense                  Time % Phy DF OF 
 1 Bryce Lampman            Alex Pietrangelo         60     1   2  2  
 2 Lasse Kukkonen           Drew Fata                40     1   2  2  

Penalty Kill - 3 Players Forward 
   Forward                                           Time % Phy DF OF 
 1 Taylor Pyatt                                      60     1   2  2  
 2 Nik Antropov                                      40     1   2  2  

Penalty Kill - 3 Players Defense
   Defense                  Defense                  Time % Phy DF OF 
 1 Bryce Lampman            Alex Pietrangelo         60     1   2  2  
 2 Lasse Kukkonen           Drew Fata                40     1   2  2  

4 vs 4 Forward 
   Center                   Wing                     Time % Phy DF OF 
 1 Travis Zajac             David Perron             60     1   2  2  
 2 Nicklas Backstrom        Joe Pavelski             40     1   2  2  

4 vs 4 Defense
   Defense                  Defense                  Time % Phy DF OF 
 1 Bryce Lampman            Alex Pietrangelo         60     1   2  2  
 2 Lasse Kukkonen           Drew Fata                40     1   2  2  

Last Minutes Offensive
   Center                   Left Wing                Right Wing               Defense                  Defense                  
   Travis Zajac             David Perron             Joe Pavelski             Bryce Lampman            Alex Pietrangelo         

Last Minutes Defensive
   Center                   Left Wing                Right Wing               Defense                  Defense                  
   Nik Antropov             Guillaume Latendresse    Joe Pavelski             Bryce Lampman            Alex Pietrangelo         

Goaltenders
Starting : Tuukka Rask              
Backup : Adam Munro               

Extra Forwards
Normal : Nicklas Backstrom, David Perron, Sergei Shirokov - PP : Nicklas Backstrom, David Perron - PK : Sergei Shirokov
Extra Defensemen
Normal : Lasse Kukkonen, Jake Gardiner, Ryan Whitney - PP : Ryan Whitney - PK : Jake Gardiner, Ryan Whitney
Penalty Shots
Travis Zajac, Nik Antropov, Paul Kariya, Joe Pavelski, Nicklas Backstrom

Canucks

5 vs 5 Forward 
   Center                   Left Wing                Right Wing               Time % Phy DF OF 
 1 Vince Rocco              Clarke MacArthur         Martin St. Louis         40     1   2  2  
 2 Nikolai Zherdev          Milan Michalek           Maxim Afinogenov         30     1   2  2  
 3 Maxim Lapierre           Alex Tanguay             Nikolai Zherdev          20     1   2  2  
 4 Matt Stajan              Ryane Clowe              Patrick Eaves            10     1   2  2  

5 vs 5 Defense 
   Defense                  Defense                                           Time % Phy DF OF 
 1 Alex Goligoski           Doug Janik                                        40     1   2  2  
 2 Ben Lovejoy              Sami Lepisto                                      30     1   2  2  
 3 Ryan Parent              Brendon Nash                                      20     1   2  2  
 4 Doug Janik               Alex Goligoski                                    10     1   2  2  

PowerPlay Forward 
   Center                   Left Wing                Right Wing               Time % Phy DF OF 
 1 Nikolai Zherdev          Vince Rocco              Clarke MacArthur         60     1   2  2  
 2 Alex Tanguay             Patrick Eaves            Maxim Afinogenov         40     1   2  2  

PowerPlay Defense
   Defense                  Defense                                           Time % Phy DF OF 
 1 Alex Goligoski           Brendon Nash                                      60     1   2  2  
 2 Ben Lovejoy              Sami Lepisto                                      40     1   2  2  

Penalty Kill 4 Players Forward 
   Center                   Wing                     Time % Phy DF OF 
 1 Martin St. Louis         Matt Stajan              60     1   2  2  
 2 Clarke MacArthur         Maxim Afinogenov         40     1   2  2  

Penalty Kill 4 Players Defense
   Defense                  Defense                  Time % Phy DF OF 
 1 Alex Goligoski           Doug Janik               60     1   2  2  
 2 Ben Lovejoy              Sami Lepisto             40     1   2  2  

Penalty Kill - 3 Players Forward 
   Forward                                           Time % Phy DF OF 
 1 Martin St. Louis                                  60     1   2  2  
 2 Matt Stajan                                       40     1   2  2  

Penalty Kill - 3 Players Defense
   Defense                  Defense                  Time % Phy DF OF 
 1 Alex Goligoski           Doug Janik               60     1   2  2  
 2 Ben Lovejoy              Sami Lepisto             40     1   2  2  

4 vs 4 Forward 
   Center                   Wing                     Time % Phy DF OF 
 1 Martin St. Louis         Matt Stajan              60     1   2  2  
 2 Patrick Eaves            Maxim Afinogenov         40     1   2  2  

4 vs 4 Defense
   Defense                  Defense                  Time % Phy DF OF 
 1 Alex Goligoski           Doug Janik               60     1   2  2  
 2 Ben Lovejoy              Sami Lepisto             40     1   2  2  

Last Minutes Offensive
   Center                   Left Wing                Right Wing               Defense                  Defense                  
   Matt Stajan              Clarke MacArthur         Martin St. Louis         Alex Goligoski           Brendon Nash             

Last Minutes Defensive
   Center                   Left Wing                Right Wing               Defense                  Defense                  
   Matt Stajan              Clarke MacArthur         Martin St. Louis         Alex Goligoski           Brendon Nash             

Goaltenders
Starting : Jussi Rynnas             
Backup : Carey Price              

Extra Forwards
Normal : Alex Tanguay, Ryane Clowe, Maxim Lapierre - PP : Alex Tanguay, Ryane Clowe - PK : Maxim Lapierre
Extra Defensemen
Normal : Ryan Parent, Brendon Nash, Doug Janik - PP : Ryan Parent - PK : Brendon Nash, Doug Janik
Penalty Shots
Martin St. Louis, Matt Stajan, Ryan Parent, Maxim Afinogenov, Clarke MacArthur

% Time on Ice - Blues

Lines # - Real PCT - Wanted PCT - Time Play
Normal Forward
1 - 36% - 40% - 13:27
2 - 27% - 30% - 10:01
3 - 18% - 20% - 6:46
4 - 19% - 10% - 7:01
Normal Defense
1 - 44% - 40% - 16:32
2 - 34% - 30% - 12:35
3 - 21% - 20% - 7:54
4 - 1% - 10% - 0:14
PP Forward
1 - 55% - 60% - 7:48
2 - 45% - 40% - 6:18
PP Defense
1 - 58% - 60% - 8:13
2 - 42% - 40% - 5:53
PK Forward
1 - 82% - 60% - 5:28
2 - 18% - 40% - 1:13
PK Defense
1 - 58% - 60% - 3:51
2 - 42% - 40% - 2:50
PK3 Forward
1 - 0% - 60%
2 - 0% - 40%
PK3 Defense
1 - 0% - 60%
2 - 0% - 40%
44 Forward
1 - 81% - 60% - 1:35
2 - 19% - 40% - 0:23
44 Defense
1 - 58% - 60% - 1:09
2 - 42% - 40% - 0:49
Last Minute Offensive  - 0:00
Last Minute Defensive  - 0:00
Total
Forward - 60:00
Defense - 60:00

% Time on Ice - Canucks

Lines # - Real PCT - Wanted PCT - Time Play
Normal Forward
1 - 36% - 40% - 13:32
2 - 26% - 30% - 9:49
3 - 13% - 20% - 4:46
4 - 25% - 10% - 9:08
Normal Defense
1 - 43% - 40% - 16:04
2 - 35% - 30% - 13:12
3 - 20% - 20% - 7:22
4 - 2% - 10% - 0:37
PP Forward
1 - 60% - 60% - 4:02
2 - 40% - 40% - 2:39
PP Defense
1 - 56% - 60% - 3:46
2 - 44% - 40% - 2:55
PK Forward
1 - 72% - 60% - 10:12
2 - 28% - 40% - 3:54
PK Defense
1 - 58% - 60% - 8:12
2 - 42% - 40% - 5:54
PK3 Forward
1 - 0% - 60%
2 - 0% - 40%
PK3 Defense
1 - 0% - 60%
2 - 0% - 40%
44 Forward
1 - 81% - 60% - 1:35
2 - 19% - 40% - 0:23
44 Defense
1 - 75% - 60% - 1:28
2 - 25% - 40% - 0:30
Last Minute Offensive  - 0:00
Last Minute Defensive  - 0:00
Total
Forward - 60:00
Defense - 60:00

Play by Play

1st period


0:01 of 1st period - Travis Zajac wins face-off versus Vince Rocco in neutral zone.
0:50 of 1st period - Guillaume Latendresse is hit by Maxim Afinogenov and loses puck.
0:57 of 1st period - Slapshot by Milan Michalek.
0:57 of 1st period - Shot Misses the Net.
0:59 of 1st period - Wrist shot by Maxim Afinogenov.
0:59 of 1st period - Stopped by Tuukka Rask without a rebound.
1:00 of 1st period - Alex Tanguay wins face-off versus Tyler Arnason in Blues zone.
1:07 of 1st period - Snap shot by Taylor Pyatt.
1:07 of 1st period - Shot Blocked by Maxim Lapierre.
1:09 of 1st period - Slapshot by Jake Gardiner.
1:09 of 1st period - Stopped by Jussi Rynnas without a rebound.
1:10 of 1st period - Maxim Lapierre wins face-off versus Tyler Arnason in Canucks zone.
1:17 of 1st period - Slapshot by Lee Stempniak.
1:17 of 1st period - Shot Misses the Net.
1:19 of 1st period - Snap shot by Lee Stempniak.
1:19 of 1st period - Stopped by Jussi Rynnas with a rebound.
1:37 of 1st period - Lasse Kukkonen is hit by Maxim Lapierre and loses puck.
1:44 of 1st period - Wrist shot by Tyler Arnason.
1:44 of 1st period - Shot Blocked by Doug Janik.
1:46 of 1st period - Snap shot by Ryan Whitney.
1:46 of 1st period - Stopped by Jussi Rynnas without a rebound.
1:47 of 1st period - Matt Stajan wins face-off versus David Perron in Canucks zone.
2:19 of 1st period - Minor Penalty to Ryane Clowe for Hooking.
2:20 of 1st period - Martin St. Louis wins face-off versus Travis Zajac in Canucks zone.
2:20 of 1st period - Martin St. Louis is hit by Ryan Whitney.
3:01 of 1st period - Slapshot by Travis Zajac.
3:01 of 1st period - Goal by Travis Zajac - Blues : 1 - Canucks : 0.
3:02 of 1st period - Nikolai Zherdev wins face-off versus Travis Zajac in neutral zone.
3:17 of 1st period - Wrist shot by Alex Pietrangelo.
3:17 of 1st period - Stopped by Jussi Rynnas with a rebound.
3:39 of 1st period - Minor Penalty to Vince Rocco for Holding.
3:40 of 1st period - Travis Zajac wins face-off versus Martin St. Louis in Canucks zone.
4:50 of 1st period - Doug Janik is hit by Lasse Kukkonen and loses puck.
5:39 of 1st period - Penalty to Vince Rocco is over, Vince Rocco is back on ice.
5:57 of 1st period - Nikolai Zherdev is hit by Tyler Arnason and loses puck.
6:47 of 1st period - Minor Penalty to Nik Antropov for Holding.
6:48 of 1st period - Sergei Shirokov wins face-off versus Nikolai Zherdev in Blues zone.
7:01 of 1st period - Snap shot by Clarke MacArthur.
7:01 of 1st period - Stopped by Tuukka Rask with a rebound.
7:03 of 1st period - Slapshot by Clarke MacArthur.
7:03 of 1st period - Shot Blocked by Alex Pietrangelo.
7:13 of 1st period - Maxim Afinogenov is hit by Taylor Pyatt and loses puck.
7:30 of 1st period - Snap shot by Alex Tanguay.
7:30 of 1st period - Goal by Alex Tanguay - Blues : 1 - Canucks : 1.
7:31 of 1st period - Travis Zajac wins face-off versus Vince Rocco in neutral zone.
7:36 of 1st period - Wrist shot by David Perron.
7:36 of 1st period - Deflect By Martin St. Louis.
7:36 of 1st period - Shot Misses the Net.
7:36 of 1st period - Puck is out of play.
7:37 of 1st period - Vince Rocco wins face-off versus Travis Zajac in Canucks zone.
7:41 of 1st period - Off-side.
7:42 of 1st period - Vince Rocco wins face-off versus Travis Zajac in neutral zone.
8:09 of 1st period - Darren Reid is hit by Milan Michalek and loses puck.
9:07 of 1st period - Sami Lepisto is hit by David Perron and loses puck.
10:18 of 1st period - Martin St. Louis is hit by David Perron and loses puck.
10:45 of 1st period - Bryce Lampman is hit by Brendon Nash and loses puck.
11:14 of 1st period - Snap shot by Nicklas Backstrom.
11:14 of 1st period - Stopped by Jussi Rynnas with a rebound.
11:28 of 1st period - Jake Gardiner is hit by Matt Stajan and loses puck.
12:12 of 1st period - Drew Fata is hit by Maxim Afinogenov and loses puck.
12:23 of 1st period - Milan Michalek is hit by Darren Reid and loses puck.
12:38 of 1st period - Ryan Parent is hit by Travis Zajac and loses puck.
13:05 of 1st period - Lasse Kukkonen is hit by Alex Goligoski and loses puck.
13:43 of 1st period - Nicklas Backstrom is hit by Clarke MacArthur and loses puck.
14:55 of 1st period - Ryan Parent is hit by Lee Stempniak and loses puck.
15:30 of 1st period - Vince Rocco is hit by Joe Pavelski.
15:43 of 1st period - Alex Tanguay is hit by Drew Fata and loses puck.
15:46 of 1st period - Slapshot by Milan Michalek.
15:46 of 1st period - Shot Misses the Net.
17:04 of 1st period - Minor Penalty to Vince Rocco for Interference.
17:05 of 1st period - Travis Zajac wins face-off versus Martin St. Louis in Canucks zone.
17:41 of 1st period - Wrist shot by Nicklas Backstrom.
17:41 of 1st period - Shot Blocked by Sami Lepisto.
17:59 of 1st period - Wrist shot by Clarke MacArthur.
17:59 of 1st period - Shot Misses the Net.
18:01 of 1st period - Slapshot by Alex Goligoski.
18:01 of 1st period - Stopped by Tuukka Rask with a rebound.
19:04 of 1st period - Penalty to Vince Rocco is over, Vince Rocco is back on ice.
19:04 of 1st period - Matt Stajan is hit by Darren Reid and loses puck.
19:08 of 1st period - Icing by Vince Rocco.
19:09 of 1st period - Tyler Arnason wins face-off versus Martin St. Louis in Canucks zone.
19:12 of 1st period - Slapshot by Taylor Pyatt.
19:12 of 1st period - Shot Misses the Net.
19:14 of 1st period - Snap shot by Tyler Arnason.
19:14 of 1st period - Shot Misses the Net.
19:16 of 1st period - Slapshot by Lasse Kukkonen.
19:16 of 1st period - Shot Blocked by Doug Janik.
19:18 of 1st period - Slapshot by Jake Gardiner.
19:18 of 1st period - Stopped by Jussi Rynnas without a rebound.
19:19 of 1st period - Tyler Arnason wins face-off versus Nikolai Zherdev in Canucks zone.
19:20 of 1st period - Wrist shot by Taylor Pyatt.
19:20 of 1st period - Shot Blocked by Maxim Afinogenov.
Goals for this period are 1 for Blues vs 1 for Canucks.
Shots for this period are 7 for Blues vs 4 for Canucks.

2nd period


0:01 of 2nd period - Vince Rocco wins face-off versus Travis Zajac in neutral zone.
0:03 of 2nd period - Off-side.
0:04 of 2nd period - Clarke MacArthur wins face-off versus Travis Zajac in neutral zone.
0:07 of 2nd period - Joe Pavelski is hit by Vince Rocco and loses puck.
0:54 of 2nd period - Wrist shot by Patrick Eaves.
0:54 of 2nd period - Stopped by Tuukka Rask without a rebound.
0:55 of 2nd period - Travis Zajac wins face-off versus Patrick Eaves in Blues zone.
1:59 of 2nd period - Icing by Brendon Nash.
2:00 of 2nd period - Matt Stajan wins face-off versus Travis Zajac in Canucks zone.
2:00 of 2nd period - Matt Stajan is hit by Bryce Lampman.
2:06 of 2nd period - Slapshot by Patrick Eaves.
2:06 of 2nd period - Stopped by Tuukka Rask without a rebound.
2:07 of 2nd period - Clarke MacArthur wins face-off versus Joe Pavelski in Blues zone.
2:08 of 2nd period - Snap shot by Martin St. Louis.
2:08 of 2nd period - Shot Misses the Net.
2:18 of 2nd period - Wrist shot by David Perron.
2:18 of 2nd period - Stopped by Jussi Rynnas without a rebound.
2:19 of 2nd period - Martin St. Louis wins face-off versus Travis Zajac in Canucks zone.
2:19 of 2nd period - Martin St. Louis is hit by Travis Zajac.
2:28 of 2nd period - Minor Penalty to David Perron for Holding.
2:29 of 2nd period - Vince Rocco wins face-off versus Nik Antropov in Blues zone.
2:37 of 2nd period - Snap shot by Nikolai Zherdev.
2:37 of 2nd period - Shot Blocked by Alex Pietrangelo.
2:39 of 2nd period - Snap shot by Nikolai Zherdev.
2:39 of 2nd period - Shot Misses the Net.
2:41 of 2nd period - Snap shot by Nikolai Zherdev.
2:41 of 2nd period - Stopped by Tuukka Rask with a rebound.
3:07 of 2nd period - Wrist shot by Maxim Afinogenov.
3:07 of 2nd period - Deflect By Alex Tanguay.
3:07 of 2nd period - Stopped by Tuukka Rask with a rebound.
3:32 of 2nd period - Ben Lovejoy is hit by Taylor Pyatt and loses puck.
4:28 of 2nd period - Penalty to David Perron is over, David Perron is back on ice.
4:33 of 2nd period - Alex Goligoski is hit by David Perron and loses puck.
5:06 of 2nd period - Slapshot by Alex Pietrangelo.
5:06 of 2nd period - Deflect By Maxim Lapierre.
5:06 of 2nd period - Stopped by Jussi Rynnas without a rebound.
5:07 of 2nd period - Maxim Lapierre wins face-off versus Darren Reid in Canucks zone.
5:14 of 2nd period - Snap shot by Ben Lovejoy.
5:14 of 2nd period - Shot Misses the Net.
5:42 of 2nd period - Minor Penalty to Vince Rocco for Tripping.
5:43 of 2nd period - Martin St. Louis wins face-off versus Travis Zajac in Canucks zone.
7:20 of 2nd period - Snap shot by Maxim Lapierre.
7:20 of 2nd period - Stopped by Tuukka Rask with a rebound.
7:42 of 2nd period - Penalty to Vince Rocco is over, Vince Rocco is back on ice.
7:52 of 2nd period - Snap shot by Maxim Afinogenov.
7:52 of 2nd period - Goal by Maxim Afinogenov - Blues : 1 - Canucks : 2.
7:53 of 2nd period - Nik Antropov wins face-off versus Vince Rocco in neutral zone.
8:02 of 2nd period - Slapshot by Paul Kariya.
8:02 of 2nd period - Shot Misses the Net.
8:04 of 2nd period - Minor Penalty to Vince Rocco for Holding.
8:05 of 2nd period - Martin St. Louis wins face-off versus Travis Zajac in Canucks zone.
8:05 of 2nd period - Martin St. Louis is hit by Alex Pietrangelo.
8:15 of 2nd period - Slapshot by Martin St. Louis.
8:15 of 2nd period - Stopped by Tuukka Rask without a rebound.
8:16 of 2nd period - Travis Zajac wins face-off versus Martin St. Louis in Blues zone.
8:47 of 2nd period - Minor Penalty to Darren Reid for Interference.
8:48 of 2nd period - Martin St. Louis wins face-off versus Travis Zajac in Blues zone.
8:49 of 2nd period - Slapshot by Matt Stajan.
8:49 of 2nd period - Shot Misses the Net.
8:59 of 2nd period - Snap shot by David Perron.
8:59 of 2nd period - Shot Hit the Post.
9:01 of 2nd period - Wrist shot by David Perron.
9:01 of 2nd period - Shot Blocked by Doug Janik.
9:03 of 2nd period - Wrist shot by David Perron.
9:03 of 2nd period - Shot Misses the Net.
9:05 of 2nd period - Wrist shot by Travis Zajac.
9:05 of 2nd period - Stopped by Jussi Rynnas with a rebound.
10:04 of 2nd period - Penalty to Vince Rocco is over, Vince Rocco is back on ice.
10:05 of 2nd period - Drew Fata is hit by Ben Lovejoy.
10:17 of 2nd period - Alex Pietrangelo is hit by Brendon Nash and loses puck.
10:28 of 2nd period - Snap shot by Alex Goligoski.
10:28 of 2nd period - Stopped by Tuukka Rask without a rebound.
10:29 of 2nd period - Nik Antropov wins face-off versus Nikolai Zherdev in Blues zone.
10:47 of 2nd period - Penalty to Darren Reid is over, Darren Reid is back on ice.
11:17 of 2nd period - Off-side.
11:18 of 2nd period - David Perron wins face-off versus Matt Stajan in neutral zone.
11:48 of 2nd period - Slapshot by Clarke MacArthur.
11:48 of 2nd period - Deflect By Martin St. Louis.
11:48 of 2nd period - Stopped by Tuukka Rask with a rebound.
12:44 of 2nd period - Wrist shot by Nicklas Backstrom.
12:44 of 2nd period - Stopped by Jussi Rynnas without a rebound.
12:45 of 2nd period - Vince Rocco wins face-off versus Nik Antropov in Canucks zone.
13:08 of 2nd period - Slapshot by Nicklas Backstrom.
13:08 of 2nd period - Stopped by Jussi Rynnas with a rebound.
13:10 of 2nd period - Slapshot by Alex Pietrangelo.
13:10 of 2nd period - Stopped by Jussi Rynnas without a rebound.
13:11 of 2nd period - Nicklas Backstrom wins face-off versus Nikolai Zherdev in Canucks zone.
13:14 of 2nd period - Wrist shot by Guillaume Latendresse.
13:14 of 2nd period - Deflect By Nicklas Backstrom.
13:14 of 2nd period - Stopped by Jussi Rynnas without a rebound.
13:15 of 2nd period - Vince Rocco wins face-off versus Nicklas Backstrom in Canucks zone.
13:15 of 2nd period - Vince Rocco is hit by Darren Reid.
14:42 of 2nd period - Wrist shot by David Perron.
14:42 of 2nd period - Shot Blocked by Sami Lepisto.
14:48 of 2nd period - David Perron is hit by Nikolai Zherdev and loses puck.
14:56 of 2nd period - Icing by Travis Zajac.
14:57 of 2nd period - Vince Rocco wins face-off versus Nicklas Backstrom in Blues zone.
15:06 of 2nd period - Snap shot by Guillaume Latendresse.
15:06 of 2nd period - Stopped by Jussi Rynnas without a rebound.
15:07 of 2nd period - Vince Rocco wins face-off versus Nicklas Backstrom in Canucks zone.
15:07 of 2nd period - Vince Rocco is hit by Nicklas Backstrom.
15:17 of 2nd period - Wrist shot by Nicklas Backstrom.
15:17 of 2nd period - Shot Blocked by Doug Janik.
15:39 of 2nd period - Minor Penalty to Maxim Afinogenov for Hooking.
15:40 of 2nd period - Travis Zajac wins face-off versus Martin St. Louis in Canucks zone.
15:48 of 2nd period - Snap shot by David Perron.
15:48 of 2nd period - Goal by David Perron - Blues : 2 - Canucks : 2.
15:49 of 2nd period - Travis Zajac wins face-off versus Vince Rocco in neutral zone.
15:54 of 2nd period - Wrist shot by Alex Pietrangelo.
15:54 of 2nd period - Deflect By Alex Goligoski.
15:54 of 2nd period - Stopped by Jussi Rynnas with a rebound.
16:14 of 2nd period - Doug Janik is hit by Guillaume Latendresse and loses puck.
16:21 of 2nd period - Snap shot by Guillaume Latendresse.
16:21 of 2nd period - Shot Blocked by Doug Janik.
16:23 of 2nd period - Wrist shot by Guillaume Latendresse.
16:23 of 2nd period - Stopped by Jussi Rynnas with a rebound.
16:25 of 2nd period - Snap shot by Darren Reid.
16:25 of 2nd period - Shot Misses the Net.
16:41 of 2nd period - Wrist shot by Tyler Arnason.
16:41 of 2nd period - Shot Blocked by Doug Janik.
16:53 of 2nd period - Minor Penalty to Ryane Clowe for Roughing.
16:54 of 2nd period - Martin St. Louis wins face-off versus Travis Zajac in Canucks zone.
17:19 of 2nd period - Ben Lovejoy is hit by Alex Pietrangelo and loses puck.
18:10 of 2nd period - Ryan Whitney is hit by Ben Lovejoy.
18:36 of 2nd period - Wrist shot by Maxim Lapierre.
18:36 of 2nd period - Shot Misses the Net.
18:53 of 2nd period - Penalty to Ryane Clowe is over, Ryane Clowe is back on ice.
19:08 of 2nd period - Maxim Afinogenov is hit by Lee Stempniak and loses puck.
19:29 of 2nd period - Wrist shot by Matt Stajan.
19:29 of 2nd period - Shot Misses the Net.
19:31 of 2nd period - Slapshot by Patrick Eaves.
19:31 of 2nd period - Shot Misses the Net.
19:33 of 2nd period - Snap shot by Matt Stajan.
19:33 of 2nd period - Shot Misses the Net.
19:35 of 2nd period - Snap shot by Matt Stajan.
19:35 of 2nd period - Stopped by Tuukka Rask with a rebound.
Goals for this period are 1 for Blues vs 1 for Canucks.
Shots for this period are 11 for Blues vs 10 for Canucks.

3rd period


0:01 of 3rd period - Vince Rocco wins face-off versus Travis Zajac in neutral zone.
0:14 of 3rd period - Slapshot by Joe Pavelski.
0:14 of 3rd period - Stopped by Jussi Rynnas with a rebound.
0:26 of 3rd period - Maxim Afinogenov is hit by Nicklas Backstrom and loses puck.
0:46 of 3rd period - Off-side.
0:47 of 3rd period - Nik Antropov wins face-off versus Maxim Lapierre in neutral zone.
0:55 of 3rd period - Paul Kariya is hit by Nikolai Zherdev and loses puck.
1:14 of 3rd period - Snap shot by David Perron.
1:14 of 3rd period - Shot Misses the Net.
1:20 of 3rd period - Snap shot by Martin St. Louis.
1:20 of 3rd period - Shot Misses the Net.
1:35 of 3rd period - Off-side.
1:36 of 3rd period - Nicklas Backstrom wins face-off versus Nikolai Zherdev in neutral zone.
1:38 of 3rd period - Off-side.
1:39 of 3rd period - Nikolai Zherdev wins face-off versus Travis Zajac in neutral zone.
1:46 of 3rd period - Snap shot by Milan Michalek.
1:46 of 3rd period - Stopped by Tuukka Rask with a rebound.
1:48 of 3rd period - Snap shot by Ben Lovejoy.
1:48 of 3rd period - Deflect By Travis Zajac.
1:48 of 3rd period - Stopped by Tuukka Rask with a rebound.
1:52 of 3rd period - Snap shot by Maxim Afinogenov.
1:52 of 3rd period - Shot Misses the Net.
1:54 of 3rd period - Slapshot by Sami Lepisto.
1:54 of 3rd period - Shot Misses the Net.
2:08 of 3rd period - Ben Lovejoy is hit by David Perron and loses puck.
2:43 of 3rd period - Minor Penalty to Matt Stajan for Tripping.
2:44 of 3rd period - Martin St. Louis wins face-off versus Nicklas Backstrom in Canucks zone.
2:55 of 3rd period - Slapshot by Jake Gardiner.
2:55 of 3rd period - Shot Blocked by Doug Janik.
2:57 of 3rd period - Snap shot by Nicklas Backstrom.
2:57 of 3rd period - Shot Misses the Net.
2:59 of 3rd period - Wrist shot by Darren Reid.
2:59 of 3rd period - Stopped by Jussi Rynnas without a rebound.
3:00 of 3rd period - Travis Zajac wins face-off versus Martin St. Louis in Canucks zone.
3:01 of 3rd period - Wrist shot by Joe Pavelski.
3:01 of 3rd period - Deflect By Travis Zajac.
3:01 of 3rd period - Stopped by Jussi Rynnas with a rebound.
3:03 of 3rd period - Slapshot by Ryan Whitney.
3:03 of 3rd period - Stopped by Jussi Rynnas with a rebound.
4:43 of 3rd period - Penalty to Matt Stajan is over, Matt Stajan is back on ice.
4:55 of 3rd period - Wrist shot by Taylor Pyatt.
4:55 of 3rd period - Shot Misses the Net.
4:57 of 3rd period - Wrist shot by Lee Stempniak.
4:57 of 3rd period - Stopped by Jussi Rynnas with a rebound.
5:36 of 3rd period - Icing by Maxim Afinogenov.
5:37 of 3rd period - Nikolai Zherdev wins face-off versus Nik Antropov in Canucks zone.
5:44 of 3rd period - Snap shot by Maxim Afinogenov.
5:44 of 3rd period - Stopped by Tuukka Rask without a rebound.
5:45 of 3rd period - Nikolai Zherdev wins face-off versus Travis Zajac in Blues zone.
6:13 of 3rd period - Minor Penalty to Guillaume Latendresse for Hooking.
6:14 of 3rd period - Nikolai Zherdev wins face-off versus Nik Antropov in Blues zone.
6:19 of 3rd period - Snap shot by Nikolai Zherdev.
6:19 of 3rd period - Shot Misses the Net.
6:53 of 3rd period - Wrist shot by Sergei Shirokov.
6:53 of 3rd period - Shot Blocked by Ben Lovejoy.
6:55 of 3rd period - Wrist shot by Sergei Shirokov.
6:55 of 3rd period - Shot Misses the Net.
7:23 of 3rd period - Alex Goligoski is hit by Lasse Kukkonen and loses puck.
8:13 of 3rd period - Penalty to Guillaume Latendresse is over, Guillaume Latendresse is back on ice.
8:23 of 3rd period - Backhand shot by Ryane Clowe.
8:23 of 3rd period - Shot Misses the Net.
8:25 of 3rd period - Slapshot by Ryan Parent.
8:25 of 3rd period - Shot Blocked by Ryan Whitney.
8:27 of 3rd period - Snap shot by Maxim Lapierre.
8:27 of 3rd period - Shot Misses the Net.
8:29 of 3rd period - Wrist shot by Doug Janik.
8:29 of 3rd period - Stopped by Tuukka Rask with a rebound.
8:31 of 3rd period - Snap shot by Maxim Lapierre.
8:31 of 3rd period - Goal by Maxim Lapierre - Blues : 2 - Canucks : 3.
8:32 of 3rd period - Nikolai Zherdev wins face-off versus Travis Zajac in neutral zone.
8:47 of 3rd period - Snap shot by Milan Michalek.
8:47 of 3rd period - Stopped by Tuukka Rask without a rebound.
8:48 of 3rd period - Nicklas Backstrom wins face-off versus Vince Rocco in Blues zone.
8:48 of 3rd period - Nicklas Backstrom is hit by Vince Rocco.
8:53 of 3rd period - Minor Penalty to Vince Rocco for Tripping.
8:54 of 3rd period - Travis Zajac wins face-off versus Martin St. Louis in Canucks zone.
9:02 of 3rd period - Wrist shot by David Perron.
9:02 of 3rd period - Goal by David Perron - Blues : 3 - Canucks : 3.
9:03 of 3rd period - Travis Zajac wins face-off versus Vince Rocco in neutral zone.
9:06 of 3rd period - Slapshot by Bryce Lampman.
9:06 of 3rd period - Stopped by Jussi Rynnas with a rebound.
9:30 of 3rd period - Nicklas Backstrom is hit by Maxim Afinogenov and loses puck.
9:57 of 3rd period - Ryane Clowe is hit by Nik Antropov and loses puck.
10:32 of 3rd period - Snap shot by David Perron.
10:32 of 3rd period - Stopped by Jussi Rynnas with a rebound.
10:34 of 3rd period - Slapshot by Joe Pavelski.
10:34 of 3rd period - Stopped by Jussi Rynnas without a rebound.
10:35 of 3rd period - Vince Rocco wins face-off versus Travis Zajac in Canucks zone.
10:35 of 3rd period - Vince Rocco is hit by Travis Zajac.
10:45 of 3rd period - Wrist shot by Alex Goligoski.
10:45 of 3rd period - Stopped by Tuukka Rask with a rebound.
12:05 of 3rd period - Snap shot by Maxim Lapierre.
12:05 of 3rd period - Shot Blocked by David Perron.
12:07 of 3rd period - Slapshot by Nikolai Zherdev.
12:07 of 3rd period - Stopped by Tuukka Rask without a rebound.
12:08 of 3rd period - Travis Zajac wins face-off versus Maxim Lapierre in Blues zone.
12:08 of 3rd period - Travis Zajac is hit by Alex Tanguay.
12:16 of 3rd period - Wrist shot by Alex Tanguay.
12:16 of 3rd period - Stopped by Tuukka Rask with a rebound.
12:18 of 3rd period - Slapshot by Ben Lovejoy.
12:18 of 3rd period - Shot Misses the Net.
12:20 of 3rd period - Snap shot by Alex Tanguay.
12:20 of 3rd period - Shot Misses the Net.
12:22 of 3rd period - Wrist shot by Nikolai Zherdev.
12:22 of 3rd period - Stopped by Tuukka Rask with a rebound.
12:53 of 3rd period - Wrist shot by Darren Reid.
12:53 of 3rd period - Shot Misses the Net.
12:55 of 3rd period - Snap shot by Sergei Shirokov.
12:55 of 3rd period - Shot Blocked by Alex Goligoski.
12:57 of 3rd period - Snap shot by Sergei Shirokov.
12:57 of 3rd period - Shot Blocked by Alex Goligoski.
12:59 of 3rd period - Snap shot by Sergei Shirokov.
12:59 of 3rd period - Stopped by Jussi Rynnas with a rebound.
13:01 of 3rd period - Slapshot by Jake Gardiner.
13:01 of 3rd period - Shot Blocked by Doug Janik.
13:03 of 3rd period - Slapshot by Jake Gardiner.
13:03 of 3rd period - Stopped by Jussi Rynnas with a rebound.
13:13 of 3rd period - Doug Janik is hit by Tyler Arnason and loses puck.
14:16 of 3rd period - Brendon Nash is hit by Paul Kariya.
14:20 of 3rd period - Wrist shot by Maxim Afinogenov.
14:20 of 3rd period - Shot Blocked by Sergei Shirokov.
14:22 of 3rd period - Snap shot by Ben Lovejoy.
14:22 of 3rd period - Deflect By Maxim Afinogenov.
14:22 of 3rd period - Stopped by Tuukka Rask without a rebound.
14:23 of 3rd period - Travis Zajac wins face-off versus Vince Rocco in Blues zone.
14:38 of 3rd period - Backhand shot by Martin St. Louis.
14:38 of 3rd period - Stopped by Tuukka Rask without a rebound.
14:39 of 3rd period - Nicklas Backstrom wins face-off versus Nikolai Zherdev in Blues zone.
15:10 of 3rd period - Minor Penalty to Travis Zajac for Tripping.
15:11 of 3rd period - Nik Antropov wins face-off versus Nikolai Zherdev in Blues zone.
15:21 of 3rd period - Snap shot by Brendon Nash.
15:21 of 3rd period - Shot Hit the Post.
16:27 of 3rd period - Minor Penalty to Nikolai Zherdev for Boarding.
16:28 of 3rd period - Martin St. Louis wins face-off versus Nicklas Backstrom in Canucks zone.
16:48 of 3rd period - Doug Janik is hit by Alex Pietrangelo and loses puck.
17:10 of 3rd period - Penalty to Travis Zajac is over, Travis Zajac is back on ice.
17:19 of 3rd period - Slapshot by Maxim Afinogenov.
17:19 of 3rd period - Shot Hit the Post.
17:27 of 3rd period - Backhand shot by Travis Zajac.
17:27 of 3rd period - Goal by Travis Zajac - Blues : 4 - Canucks : 3.
17:28 of 3rd period - Alex Tanguay wins face-off versus Nik Antropov in neutral zone.
17:35 of 3rd period - Snap shot by Alex Tanguay.
17:35 of 3rd period - Shot Misses the Net.
17:49 of 3rd period - Double Minor Penalty to Alex Tanguay for Roughing.
17:50 of 3rd period - Martin St. Louis wins face-off versus Travis Zajac in Canucks zone.
18:20 of 3rd period - Slapshot by Alex Pietrangelo.
18:20 of 3rd period - Deflect By Doug Janik.
18:20 of 3rd period - Stopped by Jussi Rynnas with a rebound.
19:10 of 3rd period - Snap shot by Maxim Lapierre.
19:10 of 3rd period - Stopped by Tuukka Rask with a rebound.
Goals for this period are 2 for Blues vs 1 for Canucks.
Shots for this period are 13 for Blues vs 13 for Canucks.